 Dungeon Crawl Stone Soup version 0.23.0-41-g86b089e62c (webtiles) character file.

Game seed: 17231200138834283141

217659 Kisielow the Shatterer (level 18, -27/167 HPs)
             Began as a Minotaur Fighter on Feb 28, 2019.
             Was the Champion of Okawaru.
             Killed from afar by a deep elf mage (58 damage)
             ... with a bolt of fire
             ... on level 2 of the Elven Halls.
             The game lasted 01:25:40 (29590 turns).

Kisielow the Shatterer (Minotaur Fighter)          Turns: 29590, Time: 01:25:41

Health: -27/167    AC: 37    Str: 42    XL:     18   Next: 39%
Magic:  18/22      EV:  8    Int:  1    God:    Okawaru [******]
Gold:   2825       SH: 18    Dex: 10    Spells: 14/17 levels left

rFire    x . .     SeeInvis +   v - +5 demon whip (drain)
rCold    + . .     Gourm    .   u - +2 shield {reflect}
rNeg     + + +     Faith    .   F - +7 crystal plate armour
rPois    +         Spirit   .   L - +1 hat
rElec    +         Reflect  +   s - scarf {repulsion}
rCorr    .         Harm     .   E - +2 pair of gloves "Xucletism" {rN++ Str+6 Int-4}
MR       ++...                  c - +0 pair of boots of Ihod Vuost {SInv}
Stlth    ..........             j - amulet of regeneration
HPRegen  0.77/turn              M - ring of Ewiofon {rElec rPois MR+ Str+3}
MPRegen  0.18/turn              d - ring of Finality {Ice +Blink rN+ Str+4 Slay-3}

@: finesse, repel missiles
A: retaliatory headbutt, horns 2, mutation resistance 1
}: 1/15 runes: decaying
a: Heroism, Finesse, Renounce Religion, Evoke Blink


You were on level 2 of the Elven Halls.
You worshipped Okawaru.
Okawaru was exalted by your worship.
You were hungry.

You visited 6 branches of the dungeon, and saw 30 of its levels.
You also visited: Bailey, Gauntlet, Ice Cave and Volcano.

You collected 3536 gold pieces.
You spent 711 gold pieces at shops.

Inventory:

Hand Weapons
 v - a +5 demon whip of draining (weapon)
Armour
 c - the +0 pair of boots of Ihod Vuost (worn) {SInv}
   (You acquired it on level 2 of the Swamp)

   It lets you see invisible.
 s - a scarf of repulsion (worn)
 u - a +2 shield of reflection (worn)
 w - a +1 cloak of invisibility
 E - the +2 pair of gloves "Xucletism" (worn) {rN++ Str+6 Int-4}
   (Okawaru gifted it to you on level 11 of the Dungeon)

   It affects your strength (+6).
   It affects your intelligence (-4).
   It greatly protects you from negative energy.
 F - a +7 crystal plate armour (worn)
 H - a +0 pair of boots of running
 L - a +1 hat (worn)
Jewellery
 d - the ring of Finality (right hand) {Ice +Blink rN+ Str+4 Slay-3}
   (You acquired it on level 3 of the Swamp)

   [ring of ice]

   It enhances your ice magic.
   It affects your strength (+4).
   It affects your accuracy and damage with ranged weapons and melee attacks
   (-3).
   It makes you vulnerable to fire.
   It protects you from cold.
   It protects you from negative energy.
   It lets you blink.
 j - an amulet of regeneration (around neck)
 A - an uncursed ring of protection from magic
 C - an uncursed ring of fire
 M - the ring of Ewiofon (left hand) {rElec rPois MR+ Str+3}
   (You bought it in a shop on level 2 of the Orcish Mines)

   [ring of strength]

   It affects your strength (+3).
   It insulates you from electricity.
   It protects you from poison.
   It affects your resistance to hostile enchantments.
Wands
 a - a wand of clouds (4)
 b - a wand of scattershot (11)
 e - a wand of paralysis (14)
 o - a wand of enslavement (20)
 q - a wand of flame (46)
 r - a wand of polymorph (3)
 t - a wand of random effects (118)
 y - a wand of iceblast (15)
 I - a wand of digging (5)
 J - a wand of acid (7)
 P - a wand of disintegration (16)
Scrolls
 l - 14 scrolls of identify
 n - 4 scrolls of fog
 p - 10 scrolls of teleportation
 x - 9 scrolls of remove curse
 z - 4 scrolls of blinking
 R - a scroll of fear
Potions
 h - 15 potions of curing
 i - 2 potions of magic
 k - a potion of ambrosia
 m - 2 potions of cancellation
 B - 3 potions of brilliance
 D - a potion of resistance
 G - 2 potions of flight
 N - a potion of agility
 Q - a potion of invisibility
Miscellaneous
 g - a lightning rod (4/4)
Comestibles
 f - 51 rations
 K - 6 chunks of flesh


   Skills:
 - Level 16.3 Fighting
 + Level 21.9 Maces & Flails
 - Level 16.3 Armour
 - Level 16.3 Shields
 * Level 4.4 Charms
 * Level 4.9 Necromancy
 - Level 7.1 Invocations
 - Level 7.0 Evocations


You had 14 spell levels left.
You knew the following spells:

 Your Spells              Type           Power        Failure   Level  Hunger
a - Regeneration          Chrm/Necr      #.........   91%         3    ####...

Your spell library contained the following spells:

 Spells                   Type           Power        Failure   Level  Hunger
 Infusion                 Chrm           #...         61%         1    ##.....
 Song of Slaying          Chrm           #.......     75%         2    ###....
 Shroud of Golubria       Chrm/Tloc      #.........   96%         2    ###....
 Apportation              Tloc           #.....       99%         1    ##.....
 Beastly Appendage        Tmut           #.....       99%         1    ##.....
 Confusing Touch          Hex            #.....       99%         1    ##.....
 Magic Dart               Conj           #...         99%         1    ##.....
 Summon Butterflies       Summ           #.......     99%         1    ##.....
 Spectral Weapon          Hex/Chrm       #.......     99%         3    ####...
 Searing Ray              Conj           #.....       100%        2    ###....
 Sticks to Snakes         Tmut           #.......     100%        2    ###....
 Confuse                  Hex            #.......     100%        3    ####...
 Dazzling Spray           Conj/Hex       #.....       100%        3    ####...
 Gell's Gravitas          Tloc           #.........   100%        3    ####...
 Ignite Poison            Fire/Tmut/Pois #.......     100%        3    ####...
 Lesser Beckoning         Tloc           #.........   100%        3    ####...
 Spider Form              Tmut/Pois      #.........   100%        3    ####...
 Tukima's Dance           Hex            #.......     100%        3    ####...
 Force Lance              Conj/Tloc      #.......     100%        4    #####..
 Fulminant Prism          Conj/Hex       #.........   100%        4    #####..
 Ice Form                 Ice/Tmut       #.......     100%        4    #####..
 Iskenderun's Mystic Bla  Conj           #.......     100%        4    #####..
 Petrify                  Tmut/Erth      #.......     100%        4    #####..
 Alistair's Intoxication  Tmut/Pois      #.......     100%        5    ######.
 Blade Hands              Tmut           #.........   100%        5    ######.
 Fireball                 Conj/Fire      #.........   100%        5    ######.
 Metabolic Englaciation   Hex/Ice        #.........   100%        5    ######.
 Yara's Violent Unravell  Hex/Tmut       #.........   100%        5    ######.
 Bolt of Cold             Conj/Ice       #.........   100%        6    #######
 Bolt of Fire             Conj/Fire      #.........   100%        6    #######
 Freezing Cloud           Conj/Ice/Air   #.........   100%        6    #######
 Invisibility             Hex            #.......     100%        6    #######
 Ozocubu's Refrigeration  Ice            #.........   100%        6    #######
 Simulacrum               Ice/Necr       #.........   100%        6    #######
 Haunt                    Necr/Summ      #.........   100%        7    #######
 Ring of Flames           Chrm/Fire      #.........   100%        7    #######
 Borgnjor's Revivificati  Necr           #.........   100%        8    #######
 Death's Door             Chrm/Necr      #.........   100%        8    #######
 Ignition                 Fire           #.........   100%        8    #######
 Infestation              Necr           #.........   100%        8    #######
 Necromutation            Tmut/Necr      #.........   100%        8    #######


Dungeon Overview and Level Annotations

Branches:
Dungeon (15/15)            Temple (1/1) D:5            Lair (6/6) D:8
  Swamp (4/4) Lair:3       Spider (0/4) Lair:4        Slime (0/5) Lair:6
    Orc (2/2) D:12            Elf (2/3) Orc:2        Vaults (0/5) D:14
 Depths (0/5) D:15

Altars:
Ashenzari
Cheibriados
Dithmenos
Elyvilon
Fedhas
Gozag
Hepliaklqana
Kikubaaqudgha
Makhleb
Nemelex Xobeh
Okawaru
Qazlal
Ru
Sif Muna
Trog
Uskayaw
Vehumet
Wu Jian
Xom
Yredelemnul
Zin
The Shining One

Shops:
D:6 :   Orc:2 ==[?*


Innate Abilities, Weirdness & Mutations

You reflexively headbutt those who attack you in melee.
You have a pair of horns on your head.
You are somewhat resistant to further mutation.


Message History

The deep elf mage is lightly wounded.
The fire elemental hits you. The fire elemental burns you!
The fire burns you terribly!
* * * LOW HITPOINT WARNING * * *
You thrash the deep elf mage!! You drain the deep elf mage.
The deep elf mage is heavily wounded.
The deep elf mage gestures at you while chanting.
The bolt of fire misses you. The fire elemental hits you.
The fire elemental burns you! The fire burns you terribly!
* * * LOW HITPOINT WARNING * * *
You thrash the deep elf mage!!
You kill the deep elf mage!
Okawaru accepts your kill.
The fire elemental disappears in a puff of smoke! x2
l - 14 scrolls of identify (gained 1)
You feel like a meek peon again.
You are too injured to fight recklessly!
The deep elf mage casts a spell at you. The bolt of fire hits you!!!
The fire burns you terribly!
You die...

,,**,,,,* ,,**,****
########## ,,**,*
#........****** ,,**,****
#.......,,,,,,* ,,,∩,,,,*
#...≈≈≈≈≈≈≈≈,,* ,,*,,**,*
#..≈≈≈≈≈≈≈≈≈≈,* ,,,,,,,,*
#..≈≈######≈≈,# ,,**,,,∩*
#..)≈#....#≈≈.# ,,,,,**,*
#.))e@....>≈≈.# ,,,,,**,*
#..)≈#)...#≈≈?# ,,,,,,,,*
#..≈≈######≈≈.#*
,,,,,...####..≈≈≈≈≈≈≈≈≈≈,.**
,,,,,..........≈≈≈≈≈≈≈≈,,,,*
,,,,,..#####!.........,,,*,*
,,,,,,,****#.........#****,*
,,,,,,,,,,*#.<.......# ***,*
,,,,,,,,,,*#.........# *,,,*


You could see a deep elf mage.

Vanquished Creatures
  Saint Roka (Orc:2)
  Jorgrun (Swamp:3)
  2 thorn hunters
  Donald (Swamp:1)
  Agnes (D:15)
  2 frost giants
  A deep elf sorcerer (Elf:1)
  Louise (Swamp:2)
  A deep elf elementalist (Elf:1)
  A stone giant (Orc:2)
  A deep elf annihilator (Elf:1)
  2 minotaurs
  Nessos (Orc:2)
  The ghost of Somebody the Fighter, a journeyman VSWn of Okawaru (Swamp:1)
  An ettin (Orc:2)
  2 fire dragons
  Josephine (D:12)
  25 hydras
  An ice dragon (Lair:6)
  The ghost of MisterOstroum the Archer, a journeyman SpAs of Trog (D:15)
  Harold (D:8)
  2 ghost crabs
  6 centaur warriors
  5 shambling mangroves
  A catoblepas (Lair:5)
  8 vault guards (D:14)
  The ghost of toxicsyntax the Fighter, a novice DrCj of Vehumet (D:10)
  Erica (D:8)
  4 dancing weapons (Elf:1)
  11 alligators
  A death knight (D:14)
  A death scarab (Gauntlet)
  18 death yaks
  7 two-headed ogres
  An ogre mage (D:15)
  A tengu warrior (D:15)
  A spriggan berserker (Swamp:4)
  Nergalle (Lair:1)
  4 orc high priests (Orc:2)
  Sonja (Lair:2)
  3 skeletal warriors (D:14)
  A wretched star (Gauntlet)
  9 deep elf knights (Elf:1)
  An unseen horror (D:10)
  4 spriggan druids
  8 deep elf archers (Elf:1)
  A swamp dragon (shapeshifter) (D:15)
  3 lindwurms
  7 orc knights
  A phantasmal warrior (D:14)
  A spectral hydra (Gauntlet)
  13 swamp dragons
  48 deep elf magi
  7 orc sorcerers
  3 salamanders (Volcano)
  10 elephants
  6 ugly things (Swamp:3)
  5 cyclopes
  4 centaur zombies
  6 black mambas
  A black mamba (shapeshifter) (D:15)
  An ice statue (IceCv)
  Maurice (D:8)
  5 torpor snails (Lair:6)
  24 spiny frogs
  2 gargoyles
  2 kobold demonologists (D:10)
  2 rime drakes
  A freezing wraith (D:14)
  9 komodo dragons
  8 trolls
  A queen bee (shapeshifter) (D:12)
  A wolf spider simulacrum (D:15)
  13 tyrant leeches
  22 hornets
  7 dream sheep (Lair:5)
  15 polar bears
  18 blink frogs
  5 slime creatures
  22 bog bodies
  A meliai zombie (D:15)
  6 hippogriffs
  2 air elementals
  A centaur simulacrum (D:15)
  61 yaks
  Sigmund (D:2)
  5 shadows
  3 spriggans
  5 wyverns (Volcano)
  A fire elemental (Elf:1)
  6 wraiths
  2 basilisks
  19 vampire mosquitoes
  A neqoxec (Gauntlet)
  3 hungry ghosts
  6 fire bats (Volcano)
  2 steam dragons (Volcano)
  16 swamp worms
  5 wargs
  2 acid dragons
  4 insubstantial wisps (Swamp:1)
  10 water moccasins
  9 porcupines
  12 swamp drakes
  26 orc warriors
  2 small abominations (Gauntlet)
  10 ice beasts
  2 hornet zombies
  6 sky beasts
  An eye of draining (shapeshifter) (D:15)
  7 necrophages (Lair:3)
  11 ogres
  25 wolves
  16 crocodiles
  33 centaurs
  3 gnoll sergeants
  9 big kobolds
  10 bullfrogs
  A wyvern zombie (D:10)
  2 scorpions
  5 killer bees (D:10)
  A howler monkey (D:5)
  5 crimson imps
  A quasit (D:11)
  4 jellies
  5 hounds
  21 orc wizards
  27 orc priests
  2 bullfrog skeletons
  3 centaur skeletons
  An iguana (D:4)
  3 worker ants
  A hound zombie (D:7)
  A hound skeleton (D:10)
  14 gnolls
  15 adders
  3 shadow imps
  An ooze (D:5)
  An adder skeleton (D:4)
  A worm (D:3)
  3 dart slugs (D:1)
  6 leopard geckos
  64 orcs
  6 giant cockroaches
  6 goblins
  10 hobgoblins
  18 jackals
  6 quokkas
  7 bats
  4 frilled lizards
  A jackal skeleton (D:5)
  9 kobolds
  7 rats
  A plant (Lair:6)
1035 creatures vanquished.

Vanquished Creatures (others)
  A deep elf archer (Elf:1)
  2 deep elf magi
  A wyvern (Volcano)
  2 orc warriors
  A centaur (D:10)
  3 orc wizards
  2 orcs (D:12)
  7 fungi
  21 plants
40 creatures vanquished.

Grand Total: 1075 creatures vanquished

Notes
Turn   | Place    | Note
-------+----------+-------------------------------------------
     0 | D:1      | Kisielow the Minotaur Fighter began the quest for the Orb.
     0 | D:1      | Reached XP level 1. HP: 19/19 MP: 0/0
    73 | D:1      | Reached skill level 3 in Maces & Flails
    84 | D:1      | Reached XP level 2. HP: 22/26 MP: 1/1
   264 | D:1      | Reached skill level 4 in Maces & Flails
   526 | D:1      | Reached XP level 3. HP: 30/31 MP: 2/2
   919 | D:2      | Reached skill level 5 in Maces & Flails
  1147 | D:2      | Noticed Sigmund
  1155 | D:2      | Killed Sigmund
  1155 | D:2      | Reached skill level 6 in Maces & Flails
  1155 | D:2      | Reached XP level 4. HP: 40/40 MP: 3/3
  1155 | D:2      | Reached XP level 5. HP: 46/46 MP: 4/4
  1172 | D:2      | Gained mutation: You are frail. (-10% HP) [potion of
                  | mutation]
  1172 | D:2      | Gained mutation: You are somewhat resistant to further
                  | mutation. [potion of mutation]
  2225 | D:3      | Reached XP level 6. HP: 47/47 MP: 5/5
  3143 | D:5      | Entered Level 5 of the Dungeon
  3261 | D:5      | Found a staircase to the Ecumenical Temple.
  3328 | Temple   | Entered the Ecumenical Temple
  4201 | D:6      | Found Ziff's Book Emporium.
  4258 | D:6      | Reached skill level 7 in Maces & Flails
  4309 | D:6      | Found a sparkling altar of Nemelex Xobeh.
  4335 | D:6      | Lost mutation: You are frail. (-10% HP) [potion of
                  | mutation]
  4350 | D:6      | Reached XP level 7. HP: 60/60 MP: 6/6
  4473 | D:6      | Reached skill level 5 in Fighting
  4473 | D:6      | Reached skill level 5 in Armour
  4473 | D:6      | Reached skill level 5 in Shields
  4852 | D:6      | Reached skill level 8 in Maces & Flails
  5457 | D:7      | Reached XP level 8. HP: 51/70 MP: 7/7
  5801 | D:8      | Reached skill level 9 in Maces & Flails
  5872 | D:8      | Noticed Erica
  5901 | D:8      | Killed Erica
  5901 | D:8      | Reached skill level 10 in Maces & Flails
  5901 | D:8      | Reached XP level 9. HP: 28/79 MP: 8/8
  6006 | D:8      | Found a staircase to the Lair.
  6232 | D:8      | Noticed Harold
  6263 | D:8      | Killed Harold
  6263 | D:8      | Reached skill level 11 in Maces & Flails
  6273 | D:8      | Noticed Maurice
  6285 | D:8      | Killed Maurice
  6769 | D:9      | Reached XP level 10. HP: 88/88 MP: 9/9
  7198 | D:9      | Noticed a two-headed ogre
  7207 | D:9      | Killed a two-headed ogre
  7207 | D:9      | Reached skill level 12 in Maces & Flails
  7214 | D:9      | Found a flagged portal.
  7278 | Bailey   | Entered a bailey
  7300 | Bailey   | Noticed an orc knight
  7316 | Bailey   | Killed an orc knight
  7360 | Bailey   | Found an iron altar of Okawaru.
  7444 | Bailey   | Became a worshipper of Warmaster Okawaru
  7574 | D:9      | Found an iron altar of Okawaru.
  7662 | D:9      | Reached skill level 1 in Invocations
  7662 | D:9      | Reached skill level 1 in Evocations
  7909 | Lair:1   | Entered Level 1 of the Lair of Beasts
  7988 | Lair:1   | Noticed a spiny frog
  8000 | Lair:1   | Killed a spiny frog
  8010 | Lair:1   | Reached * piety under Okawaru
  8048 | Lair:1   | Noticed Nergalle
  8057 | Lair:1   | Killed Nergalle
  8128 | Lair:1   | Noticed a spiny frog
  8138 | Lair:1   | Killed a spiny frog
  8220 | Lair:1   | Reached XP level 11. HP: 89/95 MP: 13/13
  8374 | Lair:1   | Reached ** piety under Okawaru
  8393 | Lair:1   | Reached skill level 5 in Invocations
  8992 | Lair:2   | Reached skill level 5 in Evocations
  9079 | Lair:2   | Noticed a death yak
  9079 | Lair:2   | Noticed a death yak
  9079 | Lair:2   | Noticed a death yak
  9080 | Lair:2   | Noticed a death yak
  9080 | Lair:2   | Noticed a death yak
  9090 | Lair:2   | Killed a death yak
  9090 | Lair:2   | Reached *** piety under Okawaru
  9094 | Lair:2   | Killed a death yak
  9107 | Lair:2   | Killed a death yak
  9111 | Lair:2   | Killed a death yak
  9124 | Lair:2   | Killed a death yak
  9124 | Lair:2   | Reached **** piety under Okawaru
  9136 | Lair:2   | Identified a scroll of acquirement
  9271 | Lair:2   | Noticed Sonja
  9300 | Lair:2   | Killed Sonja
  9678 | Lair:3   | Noticed an eight-headed hydra
  9685 | Lair:3   | Killed an eight-headed hydra
  9728 | Lair:3   | Reached ***** piety under Okawaru
  9734 | Lair:3   | Found a staircase to the Swamp.
  9784 | Lair:3   | Reached XP level 12. HP: 98/105 MP: 16/16
  9883 | Lair:3   | Reached skill level 13 in Maces & Flails
 10225 | Lair:3   | Found a dark tunnel.
 10235 | Volcano  | Entered a volcano
 10269 | Volcano  | Noticed a two-headed ogre
 10288 | Volcano  | Killed a two-headed ogre
 10288 | Volcano  | Received a gift from Okawaru
 10288 | Volcano  | Reached skill level 10 in Fighting
 10288 | Volcano  | Reached skill level 10 in Armour
 10288 | Volcano  | Reached skill level 10 in Shields
 10465 | Volcano  | Reached skill level 14 in Maces & Flails
 10578 | Volcano  | Noticed a fire dragon
 10589 | Volcano  | Killed a fire dragon
 11295 | Lair:4   | Noticed a death yak
 11295 | Lair:4   | Noticed a death yak
 11295 | Lair:4   | Noticed a death yak
 11296 | Lair:4   | Noticed a death yak
 11302 | Lair:4   | Found a hole to the Spider Nest.
 11314 | Lair:4   | Killed a death yak
 11326 | Lair:4   | Killed a death yak
 11326 | Lair:4   | Reached ****** piety under Okawaru
 11335 | Lair:4   | Killed a death yak
 11345 | Lair:4   | Killed a death yak
 11345 | Lair:4   | Reached XP level 13. HP: 94/114 MP: 17/17
 11471 | Lair:4   | Found a frozen archway.
 11483 | Lair:4   | Received a gift from Okawaru
 11521 | IceCv    | Entered an ice cave
 11624 | IceCv    | Reached skill level 15 in Maces & Flails
 12040 | IceCv    | Received a gift from Okawaru
 12068 | IceCv    | Identified a +0 pair of boots of running (Okawaru gifted it
                  | to you in an ice cave)
 12122 | IceCv    | Noticed a frost giant
 12123 | IceCv    | Found the +12 Vampire's Tooth {vamp}
 12156 | IceCv    | Killed a frost giant
 12341 | IceCv    | Got a wavering granite ring
 12576 | Lair:4   | Identified the ring of Beutivau {Ice MP+9 Str-5 Int+7
                  | Stlth+} (You found it in an ice cave)
 12994 | Lair:5   | Reached skill level 16 in Maces & Flails
 13513 | Lair:5   | Reached XP level 14. HP: 124/125 MP: 18/18
 13726 | Lair:6   | Entered Level 6 of the Lair of Beasts
 13780 | Lair:5   | Received a gift from Okawaru
 13821 | Lair:6   | Found a staircase to the Slime Pits.
 14151 | Lair:6   | Reached skill level 17 in Maces & Flails
 14419 | Lair:6   | Found a runed translucent door.
 15868 | D:10     | Entered Level 10 of the Dungeon
 15868 | D:10     | Found a runed translucent gate.
 15868 | D:10     | Found a runed translucent gate.
 15868 | D:10     | Found a runed translucent gate.
 15869 | D:10     | Identified the +2 short sword of Embarrassment {venom, rC-
                  | MR+ Dex+4}
 15875 | D:10     | Noticed toxicsyntax's ghost (novice DrCj)
 15929 | D:10     | Killed toxicsyntax's ghost
 16550 | D:10     | Reached skill level 18 in Maces & Flails
 16775 | D:11     | Reached XP level 15. HP: 135/135 MP: 19/19
 16795 | D:11     | Received a gift from Okawaru
 16809 | D:11     | Got a pair of bloodstained gloves {god gift}
 16820 | D:11     | Identified the +2 pair of gloves "Xucletism" {rN++ Str+6
                  | Int-4} (Okawaru gifted it to you on level 11 of the
                  | Dungeon)
 17513 | D:12     | Found a glowing golden altar of the Shining One.
 18106 | D:12     | Noticed Josephine
 18117 | D:12     | Killed Josephine
 18467 | D:12     | Found a staircase to the Orcish Mines.
 18802 | D:13     | You fall through a shaft!
 19123 | D:14     | Found a gate to the Vaults.
 19850 | D:15     | Entered Level 15 of the Dungeon
 19865 | D:15     | Received a gift from Okawaru
 20019 | D:15     | Noticed Agnes
 20040 | D:15     | Killed Agnes
 20040 | D:15     | Reached skill level 19 in Maces & Flails
 20165 | D:15     | Found a runed translucent gate.
 20165 | D:15     | Found a runed translucent gate.
 20165 | D:15     | Found a runed translucent gate.
 20237 | D:15     | Found a staircase to the Depths.
 20237 | D:15     | Noticed a frost giant
 20247 | D:15     | Killed a frost giant
 20699 | D:15     | Noticed MisterOstroum's ghost (journeyman SpAs)
 20863 | D:15     | Killed MisterOstroum's ghost
 20869 | D:15     | Reached XP level 16. HP: 146/146 MP: 12/20
 21071 | Orc:1    | Entered Level 1 of the Orcish Mines
 21177 | Orc:1    | Received a gift from Okawaru
 21486 | Orc:1    | You fall through a shaft!
 21486 | Orc:2    | Entered Level 2 of the Orcish Mines
 21641 | Orc:2    | Noticed Saint Roka
 21696 | Orc:2    | Killed Saint Roka
 21732 | Orc:2    | Found Pozuaw's Jewellery Shoppe.
 21735 | Orc:2    | Bought the ring of Ewiofon {rElec rPois MR+ Str+3} for 711
                  | gold pieces
 21752 | Orc:2    | Found a staircase to the Elven Halls.
 21832 | Orc:2    | Found a gate leading to a gauntlet.
 21852 | Gauntlet | Entered a Gauntlet
 21852 | Gauntlet | Found a transporter.
 21852 | Gauntlet | Found a transporter.
 22010 | Gauntlet | Found a transporter.
 22011 | Gauntlet | Found a transporter.
 22019 | Gauntlet | Found a transporter.
 22023 | Gauntlet | Found a transporter.
 22031 | Gauntlet | Found a transporter.
 22047 | Gauntlet | Found a transporter.
 22061 | Gauntlet | Found a transporter.
 22065 | Gauntlet | Found a transporter.
 22073 | Gauntlet | Found a transporter.
 22077 | Gauntlet | Found a transporter.
 22279 | Gauntlet | Got a flickering jade amulet
 22284 | Gauntlet | Identified the amulet of Pet Ycu {Inacc rPois} (You found
                  | it in a Gauntlet)
 22318 | Gauntlet | Got a pair of brightly glowing boots
 22352 | Gauntlet | Identified the +12 great sword of the Desolation of Salt
                  | {drain, Str+6 Dex-5 Stlth+}
 22481 | Orc:2    | Reached skill level 20 in Maces & Flails
 22491 | Orc:2    | Identified the +0 pair of boots "Sulyapt" {rF+ MR- Int+3
                  | Stlth+} (You found it in a Gauntlet)
 22609 | Orc:2    | Found Ojyi's Assorted Antiques.
 22618 | Orc:2    | Received a gift from Okawaru
 22649 | Orc:2    | Reached skill level 15 in Armour
 22650 | Orc:2    | Noticed Nessos
 22661 | Orc:2    | Killed Nessos
 22661 | Orc:2    | Reached skill level 15 in Shields
 22672 | Orc:2    | Found Joraig's Magic Scroll Shop.
 22982 | Orc:2    | Reached skill level 15 in Fighting
 23279 | Orc:2    | Got a transparent mace
 23280 | Orc:2    | Identified the +5 mace "Nismeel" {protect, Dex+4} (You
                  | found it on level 2 of the Orcish Mines)
 23390 | Orc:2    | Found Wilijorch's Jewellery Shoppe.
 23397 | Orc:2    | Found Ceitsynga's Armour Shop.
 23782 | Swamp:1  | Entered Level 1 of the Swamp
 23868 | Swamp:1  | Found a runed translucent door.
 23869 | Swamp:1  | Noticed Somebody's ghost (journeyman VSWn)
 23872 | Swamp:1  | Identified the +8 spear "Xeusuw" {drain, rC+}
 24121 | Swamp:1  | Received a gift from Okawaru
 24240 | Swamp:1  | Noticed Donald
 24266 | Swamp:1  | Killed Donald
 24666 | Swamp:1  | You fall through a shaft!
 24992 | Swamp:1  | Received a gift from Okawaru
 25108 | Swamp:1  | Killed Somebody's ghost
 25305 | Swamp:2  | Noticed Louise
 25316 | Swamp:2  | Killed Louise
 25316 | Swamp:2  | Reached XP level 17. HP: 156/156 MP: 21/21
 25736 | Swamp:2  | Got a pair of twisted boots
 25737 | Swamp:2  | Identified the +0 pair of boots of Ihod Vuost {SInv} (You
                  | acquired it on level 2 of the Swamp)
 25858 | Swamp:3  | Received a gift from Okawaru
 25869 | Swamp:3  | Got a smoking scale mail
 25875 | Swamp:3  | Identified the +6 scale mail of Eternity {rPois rCorr} (You
                  | found it on level 3 of the Swamp)
 25944 | Swamp:3  | Got a smoking ivory ring
 25945 | Swamp:3  | Identified the ring of Finality {Ice +Blink rN+ Str+4
                  | Slay-3} (You acquired it on level 3 of the Swamp)
 25976 | Swamp:3  | Reached skill level 21 in Maces & Flails
 26328 | Swamp:3  | Noticed Jorgrun
 26353 | Swamp:3  | Killed Jorgrun
 26771 | Swamp:4  | Entered Level 4 of the Swamp
 26962 | Swamp:4  | Received a gift from Okawaru
 27389 | Swamp:4  | Received a gift from Okawaru
 27868 | Swamp:4  | Got a decaying rune of Zot
 28234 | Lair:1   | Learned a level 3 spell: Regeneration
 28424 | Elf:1    | Entered Level 1 of the Elven Halls
 28435 | Elf:1    | Reached skill level 1 in Charms
 28435 | Elf:1    | Reached skill level 1 in Necromancy
 28507 | Elf:1    | Received a gift from Okawaru
 28631 | Elf:1    | Reached XP level 18. HP: 163/167 MP: 22/22
 28727 | Elf:1    | Received a gift from Okawaru
 28843 | Elf:1    | Received a gift from Okawaru
 29590 | Elf:2    | Killed from afar by a deep elf mage

Skill      XL: |  1  2  3  4  5  6  7  8  9 10 11 12 13 14 15 16 17 18 |
---------------+-------------------------------------------------------+-----
Maces & Flails | 3 4 6 7 8 10 11 12 14 16 18 19 20 21 | 21.9
Fighting       | 4 5 7 8 9 10 12 13 14 15 16 | 16.3
Armour         | 4 5 7 8 9 10 12 13 14 15 16 | 16.3
Shields        | 4 5 7 8 9 10 12 13 14 15 16 | 16.3
Invocations    | 4 7 |  7.1
Evocations     | 4 7 |  7.0
Charms         | 2 4 |  4.4
Necromancy     | 2 4 |  4.9

Action                   |  1- 3 |  4- 6 |  7- 9 | 10-12 | 13-15 | 16-18 || total
-------------------------+-------+-------+-------+-------+-------+-------++-------
Melee: Flail             |   107 |   152 |   129 |   244 |       |       ||   632
       Headbutt          |    11 |    24 |    39 |   157 |   487 |   394 ||  1112
       Morningstar       |       |     7 |   104 |       |       |       ||   111
       Demon whip        |       |       |       |   359 |  1864 |  1555 ||  3778
 Cast: Regeneration      |       |       |       |       |       |     1 ||     1
Invok: Heroism           |       |       |       |       |     4 |    14 ||    18
       Finesse           |       |       |       |       |     4 |    13 ||    17
 Abil: Evoke Berserk Rag |       |       |     1 |       |       |       ||     1
       Evoke Invisibilit |       |       |       |     2 |     1 |       ||     3
       Evoke Blink       |       |       |       |       |       |     3 ||     3
Evoke: Wand              |       |       |     9 |     9 |    18 |     3 ||    39
  Use: Potion            |     1 |     2 |     8 |     3 |       |     5 ||    19
       Scroll            |       |    10 |     2 |    12 |    13 |    17 ||    54
 Stab: Paralysed         |       |       |       |     7 |       |       ||     7
       Invisible         |       |       |       |     1 |     2 |     1 ||     4
       Distracted        |       |       |       |       |       |     1 ||     1
  Eat: Chunk             |    15 |     2 |    10 |    15 |    41 |    15 ||    98
       Ration            |       |       |       |       |     1 |     4 ||     5
Armor: Scale mail        |    51 |    72 |    42 |       |       |       ||   165
       Chain mail        |       |       |    49 |    34 |       |       ||    83
       Crystal plate arm |       |       |       |   310 |   872 |   674 ||  1856
Dodge: Dodged            |    37 |    57 |    68 |    71 |   201 |   244 ||   678
       Deflected         |       |       |       |       |    24 |    23 ||    47
Block: Shield            |    67 |    67 |   125 |   295 |   911 |   983 ||  2448
       Reflection        |       |       |       |       |       |    45 ||    45
